 Dungeon Crawl Stone Soup version 0.30.0-29-ga12c61a403 (webtiles) character file.

Game seed: 9329887561127166232

23807 monsoonserge the Carver (level 12, -2/126 HPs)
             Began as a Troll Berserker on June 16, 2023.
             Was a High Priest of Trog.
             Slain by a skyshark (7 damage)
             ... on level 2 of the Lair of Beasts.
             The game lasted 00:49:01 (12946 turns).

monsoonserge the Carver (Troll Berserker)          Turns: 12946, Time: 00:49:02

Health: -2/126     AC: 13    Str: 32    XL:     12   Next: 75%
Magic:  11/11      EV: 12    Int:  3    God:    Trog [*****.]
Gold:   993        SH:  0    Dex: 11    Spells: 11/11 levels left

rFire   . . .        a - +9 falchion of Wiagomum {drain, Str+2}
rCold   . . .        (no shield)
rNeg    . . .        Y - +2 robe {Will+}
rPois   .            v - +2 hat
rElec   .            m - +0 cloak
rCorr   .            (gloves unavailable)
SInv    +            (boots unavailable)
Will    +....        (no amulet)
Stlth   ++           w - ring of see invisible
HPRegen 1.21/turn    K - +4 ring of protection
MPRegen 0.12/turn

%: no passive effects
@: no status effects
A: large, unfitting armour, claws 3, regeneration 1, shaggy fur 1, tough skin 1
a: Renounce Religion, Berserk, Trog's Hand, Brothers in Arms


You were on level 2 of the Lair of Beasts.
You worshipped Trog.
Trog was extremely pleased with you.
You visited 3 branches of the dungeon, and saw 15 of its levels.

You collected 993 gold pieces.

Inventory:

Hand Weapons
 a - the +9 falchion of Wiagomum (weapon) {drain, Str+2}
   (You found it on level 3 of the Dungeon)

   Str:       It affects your strength (+2).
 b - a +0 arbalest
 B - a +2 hand axe of holy wrath
 I - a +0 giant spiked club
 O - a +4 halberd
 R - a +4 great sword
Missiles
 o - a boomerang of dispersal
 t - 14 boomerangs
 u - 31 poisoned darts (quivered)
 V - 3 large rocks
 Z - a throwing net
Armour
 m - a +0 cloak (worn)
 v - a +2 hat (worn)
 Y - a +2 robe of willpower (worn)
Jewellery
 w - a ring of see invisible (left claw)
 E - a ring of flight
 G - a ring of magical power
 J - a ring of protection from cold
 K - a +4 ring of protection (right claw)
 W - a ring of protection from cold
Wands
 k - a wand of light (21)
 y - a wand of polymorph (13)
 H - a wand of mindburst (16)
 L - a wand of paralysis (22)
 N - a wand of digging (7)
 P - a wand of roots (4)
 U - a wand of flame (7)
Scrolls
 c - 6 scrolls of poison {unknown}
 f - 7 scrolls of identify
 g - 2 scrolls of enchant weapon {unknown}
 j - 3 scrolls of fear {unknown}
 q - a scroll of immolation {unknown}
 r - a scroll of brand weapon {unknown}
 s - a scroll of fog {unknown}
 C - 2 scrolls of magic mapping {unknown}
 D - 4 scrolls of enchant armour {unknown}
 F - a scroll of noise {unknown}
 M - 3 scrolls of blinking {unknown}
 S - 5 scrolls of teleportation
 X - 2 scrolls of vulnerability {unknown}
Potions
 d - 7 potions of brilliance {unknown}
 e - 13 potions of curing
 h - a potion of attraction {unknown}
 i - 3 potions of flight
 l - a potion of mutation
 n - 6 potions of lignification
 p - 3 potions of might
 x - 2 potions of invisibility
 z - 5 potions of heal wounds
 A - 2 potions of ambrosia
 Q - a potion of magic
 T - 2 potions of haste


   Skills:
 + Level 10.2 Fighting
 + Level 10.7 Long Blades
 + Level 4.6 Maces & Flails
 - Level 3.0 Ranged Weapons
 + Level 2.8 Throwing
 + Level 8.6 Dodging
 + Level 2.1 Stealth
 + Level 3.0 Evocations


You had 11 spell levels left.
You didn't know any spells.
Your spell library contained the following spells:

 Spells                   Type           Power      Damage    Failure   Level
 Sandblast                Erth           0%         2d4       52%         1
 Passwall                 Tmut/Erth      0%         N/A       67%         2
 Static Discharge         Conj/Air       0%         2-2/arc   67%         2
 Sublimation of Blood     Necr           0%         N/A       67%         2
 Inner Flame              Hex/Fire       0%         N/A       88%         3
 Stone Arrow              Conj/Erth      0%         3d7       88%         3
 Airstrike                Air            0%         2d(0-16)  99%         4
 Flame Wave               Conj/Fire      0%         2d4       99%         4
 Petrify                  Tmut/Erth      0%         N/A       99%         4
 Sticky Flame             Conj/Fire      0%         2d3       99%         4
 Summon Lightning Spire   Summ/Air       0%         N/A       99%         4
 Irradiate                Conj/Tmut      0%         3d11      100%        5
 Yara's Violent Unravell  Hex/Tmut       0%         3d3       100%        5
 Enfeeble                 Hex            0%         N/A       100%        7
 Malign Gateway           Summ/Tloc      0%         N/A       100%        7
 Summon Horrible Things   Summ           0%         N/A       100%        8


Dungeon Overview and Level Annotations

Branches:
Dungeon (12/15)            Temple (1/1) D:7            Lair (2/5) D:10
  Swamp (0/4) Lair:2          Orc (0/2) D:11
  Snake: Lair:2-3    Spider: Lair:2-3

Altars:
Ashenzari
Cheibriados
Dithmenos
Elyvilon
Fedhas
Gozag
Hepliaklqana
Kikubaaqudgha
Makhleb
Nemelex Xobeh
Okawaru
Qazlal
Ru
Sif Muna
Trog
Uskayaw
Vehumet
Wu Jian
Xom
Yredelemnul
Zin
The Shining One

Shops:
D:4 *

Annotations:
D:10 2 transporters, suzumiya's ghost, journeyman MiGl


Innate Abilities, Weirdness & Mutations

You are too large for most types of armour.
You have claws for hands.
Your natural rate of healing is unusually fast.
You are covered in fur. (AC +1)
You have tough skin. (AC +1)


Message History

The 11-headed hydra bites you.
* * * LOW HITPOINT WARNING * * *
The 11-headed hydra barely misses you. x2; The 11-headed hydra bites you.
* * * LOW HITPOINT WARNING * * *
The 11-headed hydra misses you. The 11-headed hydra bites you.
* * * LOW HITPOINT WARNING * * *
The 11-headed hydra bites you.
* * * LOW HITPOINT WARNING * * *
Okay, then.
Aiming: Polymorph
Press: ? - help, Shift-Dir - straight line, f/p - 11-headed hydra
Aim: an 11-headed hydra (heavily wounded, lightly drained, ally target, will become a komodo dragon, a moth of wrath, or an ice dragon, chance to affect: 30%)
The 11-headed hydra easily resists.
The blink frog croaks.
The bullfrog completely misses you. The blink frog misses you.
The skyshark bites you!
* * * LOW HITPOINT WARNING * * *
The skyshark tastes blood and grows stronger!
The skyshark tail-slaps you but does no damage.
The skyshark barely misses you.
Your troll bites the blink frog!!
The blink frog dies!
Trog accepts your kill.
The blink frog blinks!
The 11-headed hydra bites you.
* * * LOW HITPOINT WARNING * * *
The 11-headed hydra bites you.
* * * LOW HITPOINT WARNING * * *
The 11-headed hydra bites you but does no damage.
The 11-headed hydra completely misses you.
The 11-headed hydra misses you.
The 11-headed hydra bites you but does no damage.
The 11-headed hydra closely misses you. x2
The 11-headed hydra bites you but does no damage. x2
The 11-headed hydra closely misses you.
Aiming: Polymorph
Press: ? - help, Shift-Dir - straight line, f/p - 11-headed hydra
Aim: an 11-headed hydra (heavily wounded, lightly drained, ally target, will become a komodo dragon, a moth of wrath, or an ice dragon, chance to affect: 30%)
The 11-headed hydra evaporates and reforms as a moth of wrath!
Your troll rages.
The skyshark barely misses you. The skyshark tail-slaps you!
You die...

#.##..... #....#P.
##....... #P......##
###.......####
...........#.### #
#..........#..#### ...
##..........#.#l#l....
#....#.......@y.#
#...#####.#..TF......
##...# ####.F.......
#P..## ##........
##..## ##.......
#....# #F..... ##..P#
...... ##...###P#
...... ##.........


You could see a skyshark (strong), a moth of wrath (ally target), a komodo
dragon, 2 blink frogs, a bullfrog and a friendly troll (summoned, berserk).

Vanquished Creatures
  4 two-headed ogres
  An ugly thing (D:12)
  A cyclops (D:11)
  4 cane toads
  A rime drake (Lair:1)
  3 unseen horrors
  A komodo dragon (Lair:2)
  An efreet (D:11)
  3 trolls
  Grinder (D:6)
  2 hornets
  4 blink frogs (Lair:2)
  7 slime creatures
  A wyvern (D:10)
  A shadow (D:12)
  2 wraiths
  36 yaks
  4 basilisks
  3 steam dragons
  5 vampire mosquitoes
  An acid dragon (D:10)
  13 orc warriors
  3 ice beasts
  4 water moccasins
  A hornet zombie (D:8)
  A sky beast (D:8)
  The ghost of turdburglar the Insei, an amateur DsMo (D:3)
  3 centaurs
  4 ogres
  A kobold brigand (D:6)
  5 bullfrogs
  2 wyvern zombies (D:8)
  2 necrophages (D:8)
  A gnoll sergeant (D:9)
  2 scorpions
  9 wights (D:8)
  13 killer bees
  8 howler monkeys
  6 electric eels
  A human zombie (D:8)
  A jelly (D:5)
  2 hounds
  13 orc priests
  Jessica (D:3)
  A sleepcap (D:6)
  6 iguanas
  21 orc wizards
  2 mummies (D:8)
  A howler monkey zombie (D:8)
  Robin (D:3)
  13 adders
  6 gnolls
  A shadow imp (D:7)
  A white imp (D:6)
  3 worms
  2 dart slugs
  84 orcs
  5 ball pythons
  6 endoplasms
  6 giant cockroaches
  13 goblins
  19 hobgoblins
  8 jackals
  7 quokkas
  8 bats
  3 frilled lizards
  16 kobolds
  8 rats
424 creatures vanquished.

Vanquished Creatures (collateral kills)
  A blink frog (Lair:2)
1 creature vanquished.

Vanquished Creatures (others)
  An orc (D:6)
1 creature vanquished.

Grand Total: 426 creatures vanquished

Notes
Turn   | Place    | Note
-------+----------+-------------------------------------------
     0 | D:1      | monsoonserge the Troll Berserker began the quest for the
                  | Orb.
     0 | D:1      | Reached XP level 1. HP: 22/22 MP: 0/0
   184 | D:1      | Reached XP level 2. HP: 28/29 MP: 1/1
   484 | D:1      | Reached ** piety under Trog
   488 | D:1      | Reached XP level 3. HP: 33/36 MP: 2/2
  1223 | D:2      | Reached XP level 4. HP: 45/45 MP: 3/3
  1733 | D:2      | Found a faded altar of an unknown god.
  2003 | D:3      | Noticed Robin
  2005 | D:3      | Reached *** piety under Trog
  2028 | D:3      | Killed Robin
  2029 | D:3      | Reached XP level 5. HP: 23/53 MP: 4/4
  2328 | D:3      | Noticed Jessica
  2337 | D:3      | Killed Jessica
  2417 | D:3      | Found a large runed translucent door.
  2417 | D:3      | Found a large runed translucent door.
  2418 | D:3      | Identified the +9 falchion of Wiagomum {drain, Str+2}
  2421 | D:3      | Noticed turdburglar's ghost (amateur DsMo)
  2486 | D:3      | Reached skill level 1 in Evocations
  2494 | D:3      | Reached **** piety under Trog
  2502 | D:3      | Reached XP level 6. HP: 59/62 MP: 5/5
  2526 | D:3      | Found a white marble altar of Elyvilon.
  2955 | D:4      | Found a transporter.
  2957 | D:4      | Found Tilurr's Assorted Antiques.
  2987 | D:4      | Found a transporter.
  3140 | D:4      | Reached skill level 1 in Long Blades
  3140 | D:4      | Reached XP level 7. HP: 55/70 MP: 6/6
  3210 | D:4      | Found an opulent altar of Gozag.
  3299 | D:4      | Found a bloodstained altar of Trog.
  3329 | D:5      | Entered Level 5 of the Dungeon
  3509 | D:5      | Found a stormy altar of Qazlal.
  3509 | D:5      | Found a basalt altar of Yredelemnul.
  3848 | D:6      | Found a broken altar of Ashenzari.
  3924 | D:6      | Reached skill level 5 in Fighting
  3992 | D:6      | Reached XP level 8. HP: 80/80 MP: 7/7
  4082 | D:6      | Noticed Grinder
  4114 | D:6      | Reached skill level 1 in Throwing
  4114 | D:6      | Reached skill level 5 in Dodging
  4118 | D:6      | Reached ***** piety under Trog
  4133 | D:6      | Paralysed by Grinder for 4 turns
  4137 | D:6      | Killed Grinder
  4840 | D:7      | Found a staircase to the Ecumenical Temple.
  4861 | D:7      | Reached XP level 9. HP: 71/92 MP: 8/8
  4879 | Temple   | Entered the Ecumenical Temple
  4975 | D:7      | Found a hazy altar of Hepliaklqana.
  5526 | D:7      | Reached skill level 1 in Ranged Weapons
  5707 | D:8      | Noticed a two-headed ogre
  5720 | D:8      | Killed a two-headed ogre
  5786 | D:8      | Found a shadowy altar of Dithmenos.
  5823 | D:8      | Found a hide-covered altar of Uskayaw.
  5944 | D:8      | Received a gift from Trog
  6074 | D:8      | Found a glowing silver altar of Zin.
  6171 | D:8      | Reached XP level 10. HP: 94/94 MP: 9/9
  6172 | D:8      | Found an ancient bone altar of Kikubaaqudgha.
  6341 | D:9      | Paralysed by a hornet for 3 turns
  6470 | D:9      | Noticed a two-headed ogre
  6476 | D:9      | Reached skill level 5 in Long Blades
  6494 | D:9      | Killed a two-headed ogre
  6495 | D:9      | Reached skill level 1 in Stealth
  6499 | D:9      | You fall into a shaft and drop 2 floors!
  6648 | D:11     | Noticed a two-headed ogre
  6659 | D:11     | Killed a two-headed ogre
  6903 | D:11     | Reached XP level 11. HP: 111/111 MP: 10/10
  7033 | D:10     | Entered Level 10 of the Dungeon
  7034 | D:10     | Found a transporter.
  7042 | D:10     | Found a transporter.
  7042 | D:10     | Noticed a two-headed ogre
  7044 | D:10     | Noticed a two-headed ogre
  7046 | D:10     | Noticed suzumiya's ghost (journeyman MiGl)
  7047 | D:10     | Found a bloodstained altar of Trog.
  7048 | D:10     | Noticed a tengu warrior
  7154 | D:10     | Noticed a two-headed ogre
  7366 | D:9      | Received a gift from Trog
  7408 | D:9      | Found a shimmering blue altar of Sif Muna.
  7725 | D:9      | Found a radiant altar of Vehumet.
  8201 | D:10     | Found a staircase to the Lair.
  8595 | D:10     | Found a sacrificial altar of Ru.
  8796 | D:10     | Found a burning altar of Makhleb.
  9282 | D:3      | Killed turdburglar's ghost
  9976 | D:11     | Found a bloodstained altar of Trog.
 10105 | D:11     | Found a staircase to the Orcish Mines.
 10294 | D:12     | Noticed a two-headed ogre
 10307 | D:12     | Killed a two-headed ogre
 10308 | D:12     | Reached XP level 12. HP: 66/123 MP: 11/11
 10993 | D:12     | Reached skill level 10 in Long Blades
 11310 | Lair:1   | Entered Level 1 of the Lair of Beasts
 12185 | Lair:2   | Reached skill level 10 in Fighting
 12783 | Lair:2   | Found a staircase to the Swamp.
 12935 | Lair:2   | Noticed an eight-headed hydra
 12945 | Lair:2   | HP: 5/126 [11-headed hydra (6)]
 12946 | Lair:2   | an 11-headed hydra changed into a moth of wrath
 12946 | Lair:2   | Slain by a skyshark

Illustrated notes

Levels and vault maps discovered:
D:1:      dpeg_cavernosity, layout_basic, minmay_stone_trees_medium
D:2:      layout_basic, hellmonk_ecumenical_altar_inner_sanctum,
          serial_bayou_lake_a
D:3:      layout_loops_ring, elyvilon_altar_1, ebering_ghost_disaster_area,
          kennysheep_jessica_study, uniq_robin
D:4:      layout_rooms, mainiacjoe_overflow_alcove_4, overflow_temple_1_default,
          serial_shops, nicolae_shop_drivethru, kennysheep_generic_room_13
D:5:      layout_basic, nicolae_overflow_two_pavilions, serial_glass,
          glass_columns_a, glass_columns_a, glass_columns_a, item_on_display_b
D:6:      layout_rooms, nicolae_ashenzari_skybound, lemuel_flamethrower_2,
          uniq_grinder
D:7:      layout_basic, mainiacjoe_overflow_small_starburst,
          minmay_temple_entry_trees
D:8:      layout_rooms, zin_statuary, grunt_dithmenos_smoke_and_mirrors,
          mainiacjoe_overflow_tiny_flanked, lemuel_mausoleum_altar_kikubaaqudgha
D:9:      layout_basic, mainiacjoe_overflow_paths, kennysheep_mini
D:10:     layout_cave_pods, lemuel_doored_altar,
          nicolae_ru_great_annihilating_truth, minmay_lair_entry_grove,
          gammafunk_ghost_wrathful_warriors
D:11:     layout_roguey [special_room_orc], erik_orc_2, trog_hazing_becter
D:12:     layout_basic, st_stairs_14
Temple:   hellmonk_temple_of_storms
Lair:1:   layout_gridlike
Lair:2:   layout_layer_cave, minmay_swamp_entry_eels,
          hangedman_lair_generics_rect

Skill      XL: |  1  2  3  4  5  6  7  8  9 10 11 12 |
---------------+-------------------------------------+-----
Maces & Flails | 3 4 |  4.6
Fighting       | 3 4 5 6 7 8 9 10 | 10.2
Dodging        | 3 4 5 6 8 |  8.6
Evocations     | 1 2 3 |  3.0
Long Blades    | 1 4 7 9 10 | 10.7
Throwing       | 2 |  2.8
Ranged Weapons | 2 3 |  3.0
Stealth        | 1 2 |  2.1

Action                     |  1- 3 |  4- 6 |  7- 9 | 10-12 || total
---------------------------+-------+-------+-------+-------++-------
  Melee: Mace              |   125 |    95 |       |       ||   220
         Dagger            |       |    49 |       |       ||    49
         Falchion          |       |    69 |   318 |   787 ||  1174
         Punch             |       |       |     3 |    12 ||    15
   Fire: Arbalest          |       |       |    34 |   154 ||   188
  Throw: Boomerang         |       |       |     2 |     4 ||     6
         Dart              |       |       |       |    14 ||    14
 Invoke: Berserk           |       |     1 |     4 |     4 ||     9
         Trog's Hand       |       |       |       |     1 ||     1
         Brothers in Arms  |       |       |       |     1 ||     1
  Evoke: Wand              |       |       |       |     5 ||     5
    Use: Scroll            |       |       |       |    10 ||    10
   Stab: Sleeping          |       |     1 |     1 |     3 ||     5
         Paralysed         |       |       |       |     2 ||     2
 Armour: Animal skin       |    61 |    69 |   146 |   118 ||   394
         Robe              |       |       |       |   144 ||   144
  Dodge: Dodged            |    79 |   107 |   217 |   446 ||   849
